 Dungeon Crawl Stone Soup version 0.27-a0-684-g359e429f13 (webtiles) character file.

Game seed: 14042343720695723011

51 Aggronaut the Ruffian (level 3, 0/28 HPs)
             Began as a Draconian Transmuter on Mar 20, 2021.
             Succumbed to a worker ant's poison
             ... on level 4 of the Dungeon.
             The game lasted 00:04:54 (1201 turns).

Aggronaut the Ruffian (Draconian Transmuter)        Turns: 1201, Time: 00:04:55

Health: 0/28       AC:  5    Str: 13    XL:     3   Next: 57%
Magic:  3/6        EV: 12    Int: 13    God:
Gold:   29         SH:  0    Dex: 11    Spells: 2/6 levels left

rFire    . . .     SeeInvis .     - Unarmed
rCold    . . .     Faith    .   (no shield)
rNeg     . . .     Spirit   .   (armour unavailable)
rPois    .         Reflect  .   (helmet currently unavailable)
rElec    .         Harm     .   (no cloak)
rCorr    .         Rampage  .   (no gloves)
Will     .....                  (boots currently unavailable)
Stlth    +.........             (no amulet)
HPRegen  0.09/turn              (no ring)
MPRegen  0.10/turn              (no ring)

@: lethally poisoned (0 -> -18), appendages
A: horns 2, talons 2, AC +5, unfitting armour, cold-blooded
a: End Transformation


You were on level 4 of the Dungeon.
You had temporarily grown beastly horns and talons.
You visited 1 branch of the dungeon, and saw 3 of its levels.

You collected 29 gold pieces.

Inventory:

Jewellery
 b - a +4 ring of evasion
 c - a ring of ice
Scrolls
 a - 4 scrolls of identify {unknown}
 i - a scroll of teleportation {unknown}
 j - a scroll of magic mapping {unknown}
Potions
 d - 2 potions of haste {unknown}
 e - a potion of degeneration {unknown}
 f - a potion of curing {unknown}
 g - 2 potions of attraction {unknown}
 h - 2 potions of berserk rage {unknown}


   Skills:
 - Level 1.1 Fighting
 - Level 1.8 Dodging
 + Level 3.6 Unarmed Combat
 - Level 2.1 Spellcasting
 * Level 3.2 Transmutations


You had 2 spell levels left.
You knew the following spells:

 Your Spells              Type           Power      Damage    Failure   Level
a - Beastly Appendage     Tmut           18%        N/A       7%          1
b - Spider Form           Tmut/Pois      2%         N/A       36%         3

Your spell library contained the following spells:

 Spells                   Type           Power      Damage    Failure   Level
 Wereblood                Tmut           9%         N/A       10%         2
 Magic Dart               Conj           4%         1d3       26%         1
 Blink                    Tloc           N/A        N/A       36%         2
 Call Imp                 Summ           1%         N/A       36%         2
 Slow                     Hex            1%         N/A       36%         2
 Conjure Flame            Conj/Fire      1%         6-21      58%         3
 Mephitic Cloud           Conj/Pois/Air  1%         N/A       58%         3
 Ice Form                 Ice/Tmut       5%         N/A       78%         4
 Blade Hands              Tmut           4%         N/A       88%         5


Dungeon Overview and Level Annotations

Branches:
Dungeon (2/15)

Altars:


Innate Abilities, Weirdness & Mutations

You have temporarily grown beastly horns and talons.
Your plain brown scales are hard. (AC +5)
You cannot fit into any form of body armour.
You are cold-blooded and may be slowed by cold attacks.


Message History

You hit the jackal.
Your tail-slap misses the jackal.
The jackal is severely wounded.
The worker ant bites you!
A jackal comes into view.
The jackal bites you but does no damage.
The worker ant completely misses you.
You closely miss the jackal.
The jackal is severely wounded.
The jackal barely misses you. The worker ant bites you.
The jackal bites you but does no damage.
You hit the jackal.
You kill the jackal!
You feel sick. The worker ant closely misses you.
Casting: Spider Form (extremely dangerous; 36% risk of failure)
Confirm with . or Enter, or press ? or * to list all spells.
You grow a pair of large bovine horns.
Your feet morph into talons.
The jackal misses you.
The worker ant waves its antennae.
The worker ant misses you.
The jackal bites you but does no damage.
Your magical contamination has completely faded away.
You barely miss the jackal.
You headbutt the jackal, but do no damage.
Your tail-slap misses the jackal.
The worker ant misses you.
The jackal bites you but does no damage.
You hit the jackal. Your kick misses the jackal.
The jackal is almost dead.
You feel sick. The worker ant barely misses you. The jackal misses you.
You hit the jackal.
You kill the jackal!
The worker ant bites you.
* * * LOW HITPOINT WARNING * * *
You are lethally poisoned!
The worker ant poisons you!
The worker ant waves its antennae.
The worker ant bites you.
* * * LOW HITPOINT WARNING * * *
You are more poisoned.
The worker ant poisons you!
You die...

##.## ###>..# .....
#...
..#######.#######
.#.#........s.>sh#
.........#.#####B#
.........s.# #.#
...........# #@#
.!.....)...#####.#
#.................
..#....#..........
#.#........(.....
.........####..<.)#
..#.........
.....##
......#.#####.#.##
..####.#.#


You could see a scorpion, a hound and a worker ant.

Vanquished Creatures
  An ooze (D:1)
  2 dart slugs (D:1)
  2 leopard geckos (D:1)
  7 bats (D:1)
  6 giant cockroaches
  A hobgoblin (D:2)
  2 jackals (D:4)
  5 kobolds
  A quokka (D:1)
  A ball python (D:2)
  5 frilled lizards (D:1)
  4 goblins
  A rat (D:2)
38 creatures vanquished.

Notes
Turn   | Place    | Note
-------+----------+-------------------------------------------
     0 | D:1      | Aggronaut the Draconian Transmuter began the quest for the
                  | Orb.
     0 | D:1      | Reached XP level 1. HP: 16/16 MP: 3/3
   173 | D:1      | Reached XP level 2. HP: 23/23 MP: 5/5
   523 | D:1      | Reached XP level 3. HP: 28/28 MP: 6/6
  1017 | D:2      | Learned a level 3 spell: Spider Form
  1179 | D:2      | You fall into a shaft and drop 2 floors!
  1180 | D:4      | Noticed a scorpion
  1200 | D:4      | HP: 1/28 [worker ant (3)]
  1201 | D:4      | Succumbed to a worker ant's poison

Illustrated notes

Levels and vault maps discovered:
D:1:      nzn_arrival_crosshair, layout_loops_ring
D:2:      layout_basic, nicolae_overflow_hidden_temple
D:4:      minmay_diamond_boxcup, layout_loops_ring, cheibriados_altar_1,
          lemuel_zombie_altar_yredelemnul, overflow_temple_1_default,
          overflow_temple_1_default

Skill      XL: |  1  2  3 |
---------------+----------+-----
Transmutations | 3 |  3.2
Fighting       | |  1.1
Dodging        | |  1.8
Unarmed Combat | |  3.6
Spellcasting   | |  2.1

Action                   || total
-------------------------++-------
Melee: Unarmed           ||   123
       Tailslap          ||    12
       Headbutt          ||     2
 Cast: Beastly Appendage ||     3
 Stab: Sleeping          ||     2
Armor: Skin              ||    45
Dodge: Dodged            ||    79

Table legend: (Time is in decaauts)
 A = Elapsed time spent in this place.
 B = Non-inter-level travel time spent in this place.
 C = Inter-level travel time spent in this place.
 D = Time resting spent in this place.
 E = Time spent auto-exploring this place.
 F = Levels seen in this place.
 G = Mean time per level.
                   A        B        C        D        E       F      G
               +--------+--------+--------+--------+--------+-----+--------+
         Total |   1192 |   1192 |      0 |    125 |    751 |   3 |  397.3 |
       Dungeon |   1192 |   1192 |      0 |    125 |    751 |   3 |  397.3 |
               +--------+--------+--------+--------+--------+-----+--------+

Top non-repeatable levels by time:
     D:1: 904 daAuts
     D:2: 266 daAuts
     D:4: 21 daAuts
